 Dungeon Crawl Stone Soup version 0.31-a0-819-gf6de2f5ab6 (webtiles) character file.

Game seed: 6079246858156264126

536 qw the Shooter (level 7, -3/43 HPs)
             Began as a Gargoyle Hunter on Sept 23, 2023.
             Slain by a worm (7 damage)
             ... on level 5 of the Dungeon.
             The game lasted 00:01:09 (3302 turns).

qw the Shooter (Gargoyle Hunter)                    Turns: 3302, Time: 00:01:10

Health: -3/43      AC:  7    Str: 15    XL:     7   Next: 25%
Magic:  7/7        EV: 12    Int:  9    God:
Gold:   213        SH:  0    Dex: 15    Spells: 6/6 levels left

rFire   . . .        Y - +0 orcbow
rCold   . . .        (shield currently unavailable)
rNeg    + . .        c - +0 leather armour
rPois   inf          (no helmet)
rElec   +            (no cloak)
rCorr   .            (no gloves)
SInv    .            (no boots)
Will    .....        (no amulet)
Stlth   ++           (no ring)
HPRegen 0.27/turn    (no ring)
MPRegen 0.10/turn

%: no passive effects
@: about to teleport
A: sickness immunity, AC +4, negative energy resistance 1, electricity
resistance, torment resistance 1, petrification resistance
a: no special abilities


You were on level 5 of the Dungeon.
You visited 2 branches of the dungeon, and saw 6 of its levels.

You collected 213 gold pieces.


Innate Abilities, Weirdness & Mutations

You are immune to sickness and miasma.
Your stone body is resilient. (AC +4)
You are immune to poison.
You resist negative energy. (rN+)
You are resistant to electric shocks. (rElec)
You are resistant to unholy torment.
You are immune to petrification.


   Skills:
 - Level 4.3 Fighting
 + Level 7.5 Ranged Weapons
 - Level 2.1 Dodging
 - Level 1.1 Stealth


You had 6 spell levels left.
You didn't know any spells.
Your spell library was empty.

Inventory:

Hand Weapons
 Y - a +0 orcbow (weapon)
Armour
 c - a +0 leather armour (worn)
Scrolls
 e - 2 scrolls of enchant armour
 k - a scroll of identify
Potions
 b - a potion of curing {unknown}
 d - a potion of mutation {unknown}
 f - a potion of cancellation {unknown}
 g - a potion of resistance {unknown}
 h - a potion of berserk rage {unknown}
 j - a potion of lignification {unknown}

Dungeon Overview and Level Annotations

Branches:
Dungeon (5/15)             Temple (1/1) D:4

Altars:
Cheibriados
Dithmenos
Elyvilon
Gozag
Hepliaklqana
Makhleb
Qazlal
Sif Muna
Uskayaw
Xom
Yredelemnul
The Shining One

Annotations:
D:3 3 runed translucent doors, qw's ghost, amateur GrHu
D:4 3 runed translucent doors, qw's ghost, novice MiHs


Message History

The centaur hits you but does no damage.
The centaur kicks you but does no damage.
The adder bites you but does no damage.
The centaur hits you but does no damage.
The centaur kicks you but does no damage.
The worm closely misses you. The adder closely misses you.
3298 |||
Found retreat position at -1,0 (worm; floor) with 0 blocking monsters and 2 monsters attacking at destination at distance 1 You shoot an arrow.
The arrow hits the centaur but does no damage.
The centaur is heavily wounded.
The centaur hits you. The centaur kicks you. The adder barely misses you.
The centaur hits you. The centaur closely misses you.
3299 ||| READING scroll of teleportation.
As you read the scroll of teleportation, it crumbles to dust.
You feel strangely unstable. The adder closely misses you.
The centaur hits you but does no damage.
The centaur kicks you but does no damage.
The worm misses you.
You shoot an arrow.
The arrow hits the centaur but does no damage.
The centaur is heavily wounded.
The centaur barely misses you.
The centaur kicks you but does no damage.
The adder barely misses you. The centaur barely misses you.
The centaur kicks you but does no damage.
The adder closely misses you.
You shoot an arrow.
The arrow hits the centaur but does no damage.
The centaur is heavily wounded.
The centaur hits you but does no damage.
The centaur kicks you. The adder barely misses you. The worm barely misses you.
The centaur hits you but does no damage.
The centaur barely misses you.
You shoot an arrow. The arrow hits the centaur.
The centaur is severely wounded.
The adder bites you but does no damage. The centaur barely misses you.
The centaur kicks you but does no damage.
The adder closely misses you. The worm bites you!
You die...

#...................
##...#.....#........
#...#.#............
#...#.#.>..#####...
### #..............
####.##.#######
...............
####.###........
#....w@co#####.#
......#S###
##.##..o{ #.##h. ...
... .#. .... # #.
....# . ....#


You could see a centaur, a worm, a hound, an adder and 2 orcs.

Vanquished Creatures
  A black bear (D:5)
  A centaur (D:4)
  A vampire bat (D:4)
  An iron imp (D:3)
  A sleepcap (D:4)
  Natasha (D:4)
  5 adders
  6 gnolls
  An ufetubus (D:4)
  A dart slug (D:2)
  3 fire bats (D:4)
  2 orcs (D:5)
  2 spectral bats (D:4)
  14 bats
  3 bat skeletons (D:4)
  A bat zombie (D:4)
  4 endoplasms
  3 giant cockroaches
  2 goblins
  3 hobgoblins
  4 jackals (D:3)
  2 quokkas (D:1)
  5 ball pythons
  A bat simulacrum (D:4)
  3 frilled lizards
  6 kobolds
  4 rats
81 creatures vanquished.

Notes
Turn   | Place    | Note
-------+----------+-------------------------------------------
     0 | D:1      | qw the Gargoyle Hunter began the quest for the Orb.
     0 | D:1      | Reached XP level 1. HP: 12/12 MP: 1/1
     0 | D:1      | 0 ||| qw: Version: 0.3-a-83-gcd0e7d8
     0 | D:1      | 0 ||| qw: Game counter: 1604
     0 | D:1      | 0 ||| qw: Melee chars always use a shield: true
     0 | D:1      | 0 ||| qw: God list: Okawaru
     0 | D:1      | 0 ||| qw: Allow faded altars: false
     0 | D:1      | 0 ||| qw: Do Orc after clearing Dungeon:15 true
     0 | D:1      | 0 ||| qw: Do second Lair branch before Depths: true
     0 | D:1      | 0 ||| qw: Lair rune preference: random
     0 | D:1      | 0 ||| qw: Goals: Normal
     0 | D:1      | 0 ||| PLANNING D:1-11
   172 | D:1      | Reached XP level 2. HP: 17/17 MP: 2/2
   779 | D:1      | 779 ||| DROPPING scarf of shadows.
   780 | D:1      | 780 ||| READING scroll labelled PACWEA ZYOKY.
   783 | D:1      | 783 ||| READING scroll labelled XOZYTA IDDU.
   784 | D:1      | 784 ||| READING scroll labelled LAREETZAMUO.
   785 | D:1      | 785 ||| DROPPING scroll of butterflies.
   828 | D:2      | Reached skill level 5 in Ranged Weapons
   828 | D:2      | Reached XP level 3. HP: 20/21 MP: 3/3
  1048 | D:2      | 1048 ||| RETREEAATING.
  1051 | D:2      | 1051 ||| Stepping ~*~*~tactically~*~*~ (retreating).
  1062 | D:2      | Reached skill level 3 in Fighting
  1065 | D:2      | Reached XP level 4. HP: 19/28 MP: 4/4
  1072 | D:2      | HP: 7/28 [gnoll/+0 whip (5)]
  1073 | D:2      | 1073 ||| READING scroll of teleportation.
  1373 | D:2      | Found a faded altar of an unknown god.
  1431 | D:2      | 1431 ||| READING scroll labelled UCKAYF ULOIL.
  1432 | D:2      | 1432 ||| READING scroll labelled ADOUDE EMALURU.
  1433 | D:2      | 1433 ||| DRINKING 2 ruby potions.
  1534 | D:3      | Found a hide-covered altar of Uskayaw.
  1702 | D:3      | Found a runed translucent gate.
  1703 | D:3      | Found a runed translucent gate.
  1703 | D:3      | Found a runed translucent gate.
  1705 | D:3      | Noticed qw's ghost (amateur GrHu)
  1939 | D:3      | Found a snail-covered altar of Cheibriados.
  1947 | D:3      | Reached XP level 5. HP: 24/32 MP: 5/5
  2183 | D:3      | 2183 ||| READING scroll labelled MOSIUT VYXKO.
  2212 | D:4      | Reached skill level 6 in Ranged Weapons
  2240 | D:4      | Noticed Natasha
  2243 | D:4      | Killed Natasha
  2404 | D:4      | Found a staircase to the Ecumenical Temple.
  2405 | D:4      | 2405 ||| PLANNING TEMPLE
  2405 | D:4      | 2405 ||| READING scroll labelled OFFIRO ATHOBB.
  2413 | Temple   | Entered the Ecumenical Temple
  2414 | Temple   | 2414 ||| PLANNING D:1-11
  2431 | D:4      | Noticed a centaur
  2440 | D:4      | HP: 8/33 [centaur/arrow (8)]
  2441 | D:4      | 2441 ||| READING 2 scrolls of teleportation.
  2442 | D:4      | 2442 ||| DRINKING potion of heal wounds.
  2477 | D:4      | Found a runed translucent gate.
  2478 | D:4      | Found a runed translucent gate.
  2478 | D:4      | Noticed qw's ghost (novice MiHs)
  2480 | D:4      | Found a runed translucent gate.
  2528 | D:4      | Killed a centaur
  2529 | D:4      | Reached XP level 6. HP: 29/38 MP: 6/6
  2577 | D:4      | 2577 ||| SWAPPING to +0 orcbow.
  2578 | D:4      | 2578 ||| DROPPING +0 shortbow of draining.
  2805 | D:4      | Reached skill level 7 in Ranged Weapons
  3211 | D:4      | 3211 ||| READING 3 scrolls labelled IDAUSA ETEAPH.
  3237 | D:5      | Entered Level 5 of the Dungeon
  3242 | D:5      | Reached XP level 7. HP: 43/43 MP: 7/7
  3298 | D:5      | HP: 9/43 [centaur (2)]
  3298 | D:5      | HP: 4/43 [centaur (5)]
  3299 | D:5      | 3299 ||| READING scroll of teleportation.
  3302 | D:5      | Slain by a worm

Levels and vault maps discovered:
D:1:      dpeg_arrival_more_subterranean_lakeside_camping, layout_loops_ring,
          serial_forest, infiniplex_forest_3_way, infiniplex_forest_corner_1,
          infiniplex_forest_corner_2, infiniplex_forest_lined_2,
          infiniplex_forest_straight_3, infiniplex_forest_end_2
D:2:      layout_basic, shapermc_ecumenical_altar_rom_forum
D:3:      layout_loops_ring, eat_drink_and_be_merry_uskayaw, slow_altar_2,
          ebering_ghost_rock_garden, st_stairs_1, kennysheep_crisscross
D:4:      layout_loops_ring, minmay_temple_entry_crystal_x,
          gammafunk_ghost_nasty_kobolds, goddamned_bats, uniq_natasha
D:5:      layout_basic, mainiacjoe_overflow_big_doors,
          mainiacjoe_overflow_surrounded_room, serial_rivers,
          chequers_serial_rivers_large_b, chequers_serial_rivers_room_a,
          chequers_serial_rivers_micro_d, chequers_serial_rivers_micro_e,
          chequers_serial_rivers_small_b
Temple:   dpeg_chambers_temple

Skill      XL: |  1  2  3  4  5  6 |
---------------+-------------------+-----
Ranged Weapons | 5 6 7 |  7.5
Fighting       | 3 4 |  4.3
Dodging        | 2 |  2.1
Stealth        | |  1.1

Action                     |  1- 3 |  4- 6 |  7- 9 || total
---------------------------+-------+-------+-------++-------
   Fire: Shortbow          |    85 |    88 |       ||   173
         Orcbow            |       |    62 |    25 ||    87
    Use: Scroll            |     3 |     7 |     1 ||    11
         Potion            |       |     2 |       ||     2
 Armour: Leather armour    |    27 |    81 |    51 ||   159
  Dodge: Dodged            |    31 |    93 |    53 ||   177

Table legend:
 A = Non-vault XP
 B = Vault XP
 C = Vault XP percentage of total XP
 D = Non-vault monster count
 E = Vault monster count
 F = Vault count percentage of total count
                 A         B        C        D         E       F
            +---------+---------+-------+---------+---------+-------
      Total |     515 |     251 |  32.8 |      58 |      23 |  28.4
            +---------+---------+-------+---------+---------+-------
        D:1 |      25 |       0 |   0.0 |      16 |       0 |   0.0
        D:2 |      81 |       0 |   0.0 |      17 |       0 |   0.0
        D:3 |      43 |      40 |  48.2 |      11 |       2 |  15.4
        D:4 |     204 |     211 |  50.8 |       9 |      21 |  70.0
        D:5 |     162 |       0 |   0.0 |       5 |       0 |   0.0
            +---------+---------+-------+---------+---------+-------
